 Dungeon Crawl Stone Soup version 0.31-a0-164-g2312942fda (webtiles) character file.

Game seed: 12008638269868219328

65 qw the Shooter (level 4, -2/28 HPs)
             Began as a Gargoyle Hunter on June 13, 2023.
             Killed by nerve-wracking pain
             ... invoked by an orc priest
              (6 damage)
             ... on level 4 of the Dungeon.
             The game lasted 00:00:43 (2318 turns).

qw the Shooter (Gargoyle Hunter)                    Turns: 2318, Time: 00:00:44

Health: -2/28      AC:  8    Str: 14    XL:     4   Next: 14%
Magic:  4/4        EV: 10    Int: 10    God:
Gold:   190        SH:  0    Dex: 15    Spells: 3/3 levels left

rFire   . . .        Y - +0 shortbow
rCold   . . .        (shield currently unavailable)
rNeg    + . .        f - +0 ring mail
rPois   inf          (no helmet)
rElec   +            (no cloak)
rCorr   .            (no gloves)
SInv    .            (no boots)
Will    .....        (no amulet)
Stlth   +            (no ring)
HPRegen 0.24/turn    (no ring)
MPRegen 0.09/turn

%: no passive effects
@: about to teleport
A: sickness immunity, AC +3, negative energy resistance 1, electricity
resistance, torment resistance 1, petrification resistance
a: no special abilities


You were on level 4 of the Dungeon.
You visited 1 branch of the dungeon, and saw 4 of its levels.

You collected 190 gold pieces.


Innate Abilities, Weirdness & Mutations

You are immune to sickness and miasma.
Your stone body is resilient. (AC +3)
You are immune to poison.
You resist negative energy. (rN+)
You are resistant to electric shocks. (rElec)
You are resistant to unholy torment.
You are immune to petrification.


   Skills:
 - Level 3.0 Fighting
 + Level 5.1 Ranged Weapons
 - Level 1.0 Armour
 - Level 1.5 Dodging
 - Level 1.1 Stealth


You had 3 spell levels left.
You didn't know any spells.
Your spell library was empty.

Inventory:

Hand Weapons
 Y - a +0 shortbow (weapon)
Armour
 f - a +0 ring mail (worn)
Scrolls
 a - 2 scrolls of identify
 g - a scroll of enchant armour
Potions
 b - a potion of might
 c - a potion of degeneration {unknown}
 d - 2 potions of curing
 e - a potion of enlightenment {unknown}
 h - a potion of lignification {unknown}
 i - a potion of heal wounds {unknown}

Dungeon Overview and Level Annotations

Branches:
Dungeon (4/15)
 Temple: D:4-7

Altars:
Qazlal
Zin

Shops:
D:1 (


Message History

You kill the orc!
The orc priest calls down the wrath of Beogh upon you.
You barely resist. You shoot an arrow.
The arrow closely misses the orc priest.
The orc priest casts a cantrip, but nothing happens.
2308 ||| Stepping ~*~*~tactically~*~*~ (outnumbered).
The goblin goes berserk!
The goblin hits you but does no damage.
2310 ||| Stepping ~*~*~tactically~*~*~ (outnumbered).
You hear a shout!
2311 ||| Stepping ~*~*~tactically~*~*~ (outnumbered).
You hear a shout!
The goblin hits you from afar with the +11 spear of Zin's Felicitations {heavy, *Rage rC+ rN+ Int+3}!!
Ouch! That really hurt!
2312 ||| Stepping ~*~*~tactically~*~*~ (outnumbered).
Enter note:
Enter note: You shoot an arrow.
The arrow hits the goblin.
You kill the goblin!
You shoot an arrow. The arrow closely misses the orc.
The orc barely misses you.
The orc priest casts a cantrip, but nothing happens.
You shoot an arrow. The arrow hits the orc.
The orc is heavily wounded.
The orc hits you with a +0 club.
The orc priest casts a cantrip, but nothing happens.
2316 ||| READING scroll of teleportation.
As you read the scroll of teleportation, it crumbles to dust.
You feel strangely unstable. The orc hits you with a +0 club.
You shoot an arrow. The arrow hits the orc.
The orc is almost dead.
The orc hits you but does no damage.
You shoot an arrow. The arrow closely misses the orc.
The orc priest closely misses you. The orc hits you but does no damage.
The orc priest hits you but does no damage.
The orc completely misses you.
The orc priest calls down the wrath of Beogh upon you.
Pain shoots through your body!
You die...

#.# ##...#..# .#
#.####.......# .#
.............# )#
#.####.....(## .#
#.# ##...#.# .# #.#
##.##.# ####.#.####
#.# #.##.#
#.)..o..... #.#
...##.####o##)#.####
#.#
#...#....o@##)#.#
... #........o.....#
#...#.###.#####.)#
#####.# #.# .. #.#
#.# .$ ... ... ...
>.# ..# ...##..#
#.>#


You could see 2 orc priests and an orc.

Vanquished Creatures
  An adder (D:3)
  A worm (D:2)
  3 dart slugs
  3 orcs
  4 ball pythons
  8 endoplasms
  2 giant cockroaches
  5 goblins
  A hobgoblin (D:2)
  A quokka (D:1)
  4 bats
  2 frilled lizards (D:1)
  3 kobolds
  6 rats
44 creatures vanquished.

Notes
Turn   | Place    | Note
-------+----------+-------------------------------------------
     0 | D:1      | qw the Gargoyle Hunter began the quest for the Orb.
     0 | D:1      | Reached XP level 1. HP: 12/12 MP: 1/1
     0 | D:1      | 0 ||| qw: Version: 0.2-a-29-gc1b59c4
     0 | D:1      | 0 ||| qw: Game counter: 4602
     0 | D:1      | 0 ||| qw: Always use a shield: true
     0 | D:1      | 0 ||| qw: God list: Okawaru
     0 | D:1      | 0 ||| qw: Allow faded altars: false
     0 | D:1      | 0 ||| qw: Do Orc after D:15 true
     0 | D:1      | 0 ||| qw: Do second Lair branch before Depths: true
     0 | D:1      | 0 ||| qw: Lair rune preference: random
     0 | D:1      | 0 ||| qw: Plans: Normal, Zot:1-4, Slime:5, God:TSO, Crypt,
                  | Tomb, Abyss, Pan, Hells, Win
     0 | D:1      | 0 ||| PLANNING D:1-11
   255 | D:1      | Reached XP level 2. HP: 17/17 MP: 2/2
   257 | D:1      | Found Qyrigow's Weapon Shoppe.
   701 | D:1      | 701 ||| UPGRADING to +0 ring mail.
   711 | D:1      | 711 ||| DROPPING +0 leather armour.
   712 | D:1      | 712 ||| READING scroll labelled EFIOCE HIUNEG.
   713 | D:1      | 713 ||| DRINKING 2 emerald potions.
   714 | D:1      | 714 ||| DROPPING scroll of butterflies.
   970 | D:2      | Reached XP level 3. HP: 20/21 MP: 3/3
  1087 | D:2      | Reached skill level 1 in Armour
  1369 | D:2      | Reached skill level 5 in Ranged Weapons
  1412 | D:2      | 1412 ||| READING 2 scrolls labelled JEULE CA ZIZ.
  1413 | D:2      | 1413 ||| READING scroll labelled WIYSHR ENED.
  1414 | D:2      | 1414 ||| READING scroll labelled GILOFA PIMOB.
  1417 | D:2      | 1417 ||| DRINKING 2 brown potions.
  1607 | D:3      | Found a faded altar of an unknown god.
  1673 | D:3      | Found a glowing silver altar of Zin.
  2149 | D:3      | 2149 ||| READING 2 scrolls labelled NAURIS QER.
  2159 | D:4      | Reached skill level 3 in Fighting
  2159 | D:4      | Reached XP level 4. HP: 28/28 MP: 4/4
  2185 | D:4      | Found a stormy altar of Qazlal.
  2300 | D:4      | 2300 ||| Stepping ~*~*~tactically~*~*~ (outnumbered).
  2302 | D:4      | 2302 ||| Stepping ~*~*~tactically~*~*~ (outnumbered).
  2304 | D:4      | Identified the +11 spear of Zin's Felicitations {heavy,
                  | *Rage rC+ rN+ Int+3}
  2308 | D:4      | 2308 ||| Stepping ~*~*~tactically~*~*~ (outnumbered).
  2310 | D:4      | 2310 ||| Stepping ~*~*~tactically~*~*~ (outnumbered).
  2311 | D:4      | 2311 ||| Stepping ~*~*~tactically~*~*~ (outnumbered).
  2312 | D:4      | 2312 ||| Stepping ~*~*~tactically~*~*~ (outnumbered).
  2315 | D:4      | HP: 7/28 [orc/+0 club (4)]
  2316 | D:4      | 2316 ||| READING scroll of teleportation.
  2318 | D:4      | Killed from afar by an orc priest

Levels and vault maps discovered:
D:1:      minmay_arrival_checkered_box, layout_basic, serial_shops, shop
D:2:      layout_loops_ring
D:3:      layout_basic, zin_treasury, basic_ecumenical_altar, minivault_27
D:4:      layout_loops_ring, mainiacjoe_overflow_six_doors_small

Skill      XL: |  1  2  3 |
---------------+----------+-----
Armour         | 1 |  1.0
Ranged Weapons | 5 |  5.1
Fighting       | 3 |  3.0
Dodging        | |  1.5
Stealth        | |  1.1

Action                     |  1- 3 |  4- 6 || total
---------------------------+-------+-------++-------
   Fire: Shortbow          |   121 |    10 ||   131
    Use: Scroll            |     5 |     1 ||     6
         Potion            |     2 |       ||     2
 Armour: Leather armour    |     7 |       ||     7
         Ring mail         |    11 |     4 ||    15
  Dodge: Dodged            |    18 |     3 ||    21

Table legend:
 A = Non-vault XP
 B = Vault XP
 C = Vault XP percentage of total XP
 D = Non-vault monster count
 E = Vault monster count
 F = Vault count percentage of total count
                 A         B        C        D         E       F
            +---------+---------+-------+---------+---------+-------
      Total |      94 |       0 |   0.0 |      44 |       0 |   0.0
            +---------+---------+-------+---------+---------+-------
        D:1 |      32 |       0 |   0.0 |      18 |       0 |   0.0
        D:2 |      20 |       0 |   0.0 |      11 |       0 |   0.0
        D:3 |      27 |       0 |   0.0 |       9 |       0 |   0.0
        D:4 |      15 |       0 |   0.0 |       6 |       0 |   0.0
            +---------+---------+-------+---------+---------+-------
